 Dungeon Crawl Stone Soup version 0.27-a0-1434-g6f15984924 (webtiles) character file.

Game seed: 12052550968935322285

45 funkygono the Firebug (level 3, -9/19 HPs)
             Began as a Gargoyle Fire Elementalist on July 3, 2021.
             Was an Initiate of Vehumet.
             Mangled by an ice beast (13 damage)
             ... on level 4 of the Dungeon.
             The game lasted 00:02:58 (1699 turns).

funkygono the Firebug (Gargoyle Fire Elementalist)  Turns: 1699, Time: 00:02:59

Health: -9/19      AC:  5    Str: 11    XL:     3   Next: 64%
Magic:  0/6        EV: 12    Int: 16    God:    Vehumet [......]
Gold:   41         SH:  0    Dex: 10    Spells: 5/7 levels left

rFire    . . .     SeeInvis .   b - +0 whip
rCold    . . .     Faith    .   (no shield)
rNeg     + . .     Spirit   .   a - +0 robe
rPois    ∞         Reflect  .   (no helmet)
rElec    +         Harm     .   (no cloak)
rCorr    .         Rampage  .   (no gloves)
Will     .....                  (no boots)
Stlth    ++........             c - amulet of the acrobat
HPRegen  0.06/turn              (no ring)
MPRegen  0.10/turn              (no ring)

@: no status effects
A: sickness immunity, AC +3, negative energy resistance 1, electricity
resistance, torment resistance 1, petrification resistance
a: Renounce Religion


You were on level 4 of the Dungeon.
You worshipped Vehumet.
Vehumet was noncommittal.
You visited 2 branches of the dungeon, and saw 4 of its levels.

You collected 41 gold pieces.

Inventory:

Hand Weapons
 b - a +0 whip (weapon)
Armour
 a - a +0 robe (worn)
Jewellery
 c - an amulet of the acrobat (around neck)
Scrolls
 e - a scroll of holy word {unknown}
Potions
 d - a potion of flight {unknown}
 f - a potion of haste {unknown}


   Skills:
 + Level 1.8 Dodging
 - Level 2.1 Stealth
 + Level 2.5 Spellcasting
 + Level 1.4 Conjurations
 + Level 3.8 Fire Magic


You had 5 spell levels left.
You knew the following spells:

 Your Spells              Type           Power      Damage    Failure   Level
a - Foxfire               Conj/Fire      40%        2x1d6     7%          1
b - Shock                 Conj/Air       16%        1d4       14%         1

Your spell library contained the following spells:

 Spells                   Type           Power      Damage    Failure   Level
 Conjure Flame            Conj/Fire      10%        6-21      21%         3
 Inner Flame              Hex/Fire       8%         N/A       26%         3
 Dazzling Flash           Conj/Hex       8%         N/A       41%         3
 Swiftness                Air            2%         N/A       52%         3
 Tukima's Dance           Hex            2%         N/A       52%         3
 Sticky Flame             Conj/Fire      10%        2d3       54%         4
 Iskenderun's Mystic Bla  Conj/Tloc      4%         2d3       82%         4
 Fireball                 Conj/Fire      5%         3d5       88%         5
 Airstrike                Air            1%         N/A       89%         4
 Passage of Golubria      Tloc           N/A        N/A       89%         4
 Yara's Violent Unravell  Hex/Tmut       1%         3d3       99%         5
 Starburst                Conj/Fire      5%         8x6d4     100%        6


Dungeon Overview and Level Annotations

Branches:
Dungeon (4/15)             Temple (1/1) D:4

Altars:
Cheibriados
Dithmenos
Gozag
Hepliaklqana
Kikubaaqudgha
Nemelex Xobeh
Okawaru
Qazlal
Sif Muna
Trog
Uskayaw
Vehumet
Wu Jian
Zin
The Shining One


Innate Abilities, Weirdness & Mutations

You are immune to sickness and miasma.
Your stone body is resilient. (AC +3)
You are immune to poison.
You resist negative energy. (rN+)
You are resistant to electric shocks. (rElec)
You are resistant to unholy torment.
You are immune to petrification.


Message History

The foxfire hits the ice beast but does no damage.
The ice beast is lightly wounded.
The foxfire hits the ice beast but does no damage.
The ice beast is lightly wounded.
Casting: Foxfire (safe; 7% risk of failure)
Confirm with . or Enter, or press ? or * to list all spells.
You conjure some foxfire!
The foxfire hits the ice beast!
The ice beast melts!
The ice beast is heavily wounded.
Unknown command.
Casting: Foxfire (safe; 7% risk of failure)
Confirm with . or Enter, or press ? or * to list all spells.
You conjure some foxfire!
The foxfire hits the ice beast but does no damage.
The ice beast is heavily wounded.
The foxfire hits the ice beast but does no damage.
The ice beast is heavily wounded.
The ice beast hits you. The ice beast freezes you!
Ouch! That really hurt!
* * * LOW HITPOINT WARNING * * *
Casting: Foxfire (safe; 7% risk of failure)
Confirm with . or Enter, or press ? or * to list all spells.
You don't have enough magic to cast this spell.
The foxfire hits the ice beast.
The ice beast melts!
The ice beast is heavily wounded.
The ice beast hits you but does no damage.
Casting: Foxfire (safe; 7% risk of failure)
Confirm with . or Enter, or press ? or * to list all spells.
You conjure some foxfire!
The ice beast barely misses you.
The foxfire hits the ice beast but does no damage.
The ice beast is heavily wounded.
The foxfire hits the ice beast.
The ice beast is severely wounded.
Why would you want to do that?
Casting: Foxfire (safe; 7% risk of failure)
Confirm with . or Enter, or press ? or * to list all spells.
You conjure some foxfire!
The ice beast hits you.
* * * LOW HITPOINT WARNING * * *
The ice beast freezes you!
Ouch! That really hurt!
You die...

#..## #.≈§§§≈...≈...≈..#
....# #§.§.§.§.≈.≈.≈.≈.#
#.#.#####
#.≈..)§...≈...≈..#
........#
#...≈...≈...≈....#
..#.#.#.#
#..≈.≈.≈.≈.≈.≈..##
........# #.#.≈...≈...≈...#
.#.#..#.# #.....§...≈..####
........########..§.≈.≈.≈.#
#..#.#.........v@Y.§...≈.##
.....#.##########v...#####
#.###..# ###### ..###.##
####..# .....## ###### # #


You could see an ice beast (ally target).

Vanquished Creatures
  An ufetubus (D:4)
  A worm (D:4)
  A dart slug (D:1)
  4 ball pythons (D:1)
  4 bats
  4 endoplasms (D:1)
  2 giant cockroaches (D:1)
  7 hobgoblins
  3 kobolds (D:1)
  A quokka (D:1)
  2 rats (D:1)
30 creatures vanquished.

Vanquished Creatures (others)
  100 foxfires
100 creatures vanquished.

Grand Total: 130 creatures vanquished

Notes
Turn   | Place    | Note
-------+----------+-------------------------------------------
     0 | D:1      | funkygono the Gargoyle Fire Elementalist began the quest
                  | for the Orb.
     0 | D:1      | Reached XP level 1. HP: 10/10 MP: 3/3
   125 | D:1      | Reached XP level 2. HP: 15/15 MP: 0/5
   597 | D:1      | Reached XP level 3. HP: 19/19 MP: 3/6
   923 | D:1      | Learned a level 1 spell: Shock
  1207 | D:2      | You fall into a shaft and drop 2 floors!
  1207 | D:4      | Found a staircase to the Ecumenical Temple.
  1425 | D:4      | Noticed an ogre
  1439 | Temple   | Entered the Ecumenical Temple
  1533 | Temple   | Became a worshipper of Vehumet
  1673 | D:4      | Noticed an ice beast
  1699 | D:4      | Mangled by an ice beast

Illustrated notes

Levels and vault maps discovered:
D:1:      psy_arrival_spokes, layout_basic
D:2:      layout_basic, shapermc_ecumenical_altar_mp_urbaneastern
D:4:      layout_basic, nicolae_overflow_crystal_walls,
          minmay_temple_entry_tees, serial_shops, nicolae_shop_waterfront,
          hangedman_decor_points, kennysheep_doodads, grunt_ministairs_1,
          chequers_serial_rivers_room_a
Temple:   regret_index_temple_waves

Action                   || total
-------------------------++-------
Melee: Whip              ||     1
 Cast: Foxfire           ||    60
       Shock             ||     2
Armor: Robe              ||     2
Dodge: Dodged            ||     5

Table legend: (Time is in decaauts)
 A = Elapsed time spent in this place.
 B = Non-inter-level travel time spent in this place.
 C = Inter-level travel time spent in this place.
 D = Time resting spent in this place.
 E = Time spent auto-exploring this place.
 F = Levels seen in this place.
 G = Mean time per level.
                   A        B        C        D        E       F      G
               +--------+--------+--------+--------+--------+-----+--------+
         Total |   1702 |   1627 |     75 |     43 |   1306 |   4 |  425.5 |
       Dungeon |   1543 |   1530 |     13 |     43 |   1229 |   3 |  514.3 |
        Temple |    158 |     97 |     61 |      0 |     77 |   1 |  158.0 |
               +--------+--------+--------+--------+--------+-----+--------+

Top non-repeatable levels by time:
     D:1: 933 daAuts
     D:4: 337 daAuts
     D:2: 272 daAuts
  Temple: 158 daAuts
